 Dungeon Crawl Stone Soup version 0.29-a0-380-gf50f0a9fbc (webtiles) character file.

Game seed: 6503337360820481451

35 Antichthon the Skirmisher (level 3, 0/29 HPs)
             Began as a Formicid Abyssal Knight on May 5, 2022.
             Was a Priest of Lugonu.
             Slain by a gnoll
             ... wielding a +0 whip
              (6 damage)
             ... on level 1 of the Dungeon.
             The game lasted 00:01:30 (1690 turns).

Antichthon the Skirmisher (Formicid Abyssal Knight) Turns: 1690, Time: 00:01:31

Health: 0/29       AC:  3    Str: 17    XL:     3   Next: 55%
Magic:  4/4        EV: 11    Int:  9    God:    Lugonu [***...]
Gold:   17         SH:  0    Dex: 13    Spells: 2/2 levels left

rFire   . . .      SeeInvis +   a - +1 hand axe
rCold   . . .      Faith    .   (no shield)
rNeg    . . .      Spirit   .   b - +0 leather armour
rPois   .          Reflect  .   (helmet unavailable)
rElec   .          Harm     .   (no cloak)
rCorr   .          Rampage  .   (no gloves)
Will    .....                   (no boots)
Stlth   +.........              (no amulet)
HPRegen 0.09/turn               (no ring)
MPRegen 0.09/turn               (no ring)

@: no status effects
A: permanent stasis, dig shafts and tunnels, antennae 3, four strong arms
a: Dig, Shaft Self, Renounce Religion, Depart the Abyss, Bend Space, Banish


You were on level 1 of the Dungeon.
You worshipped Lugonu.
Lugonu was most pleased with you.
You visited 1 branch of the dungeon, and saw 2 of its levels.
You visited the Abyss 1 time.

You collected 17 gold pieces.

Inventory:

Hand Weapons
 a - a +1 hand axe (weapon)
Armour
 b - a +0 leather armour (worn)
Scrolls
 c - a scroll of teleportation {unknown}
 f - a scroll of identify {unknown}
Potions
 d - a potion of haste {unknown}
 e - a potion of attraction {unknown}
 g - 2 potions of flight {unknown}


   Skills:
 - Level 3.2 Fighting
 - Level 2.0 Axes
 * Level 2.9 Crossbows
 - Level 2.1 Armour
 - Level 0.8 Dodging
 - Level 2.1 Invocations


You had 2 spell levels left.
You didn't know any spells.
Your spell library contained the following spells:

 Spells                   Type           Power      Damage    Failure   Level
 Corpse Rot               Necr/Air       0%         N/A       58%         2
 Poisonous Vapours        Pois/Air       0%         N/A       58%         2


Dungeon Overview and Level Annotations

Branches:
Dungeon (2/15)

Altars:


Innate Abilities, Weirdness & Mutations

You cannot be hasted, slowed, berserked, paralysed or teleported.
You can dig through walls and to a lower floor.
You have a pair of large antennae on your head. (SInv)
Your four strong arms can wield two-handed weapons with a shield.


Message History

You climb upwards.
There is a stone staircase leading down here.
Unknown command.
You hit the ball python.
You kill the ball python!
Lugonu accepts your kill.
You see here a ball python corpse.
You see here a ball python corpse.
You start resting.
HP restored.
There is a stone staircase leading down here.
You climb downwards.
The ball python bites you but does no damage.
The ball python completely misses you. The gnoll hits you with a +0 spear.
The gnoll closely misses you. x2; The ball python closely misses you. x2
There is a stone staircase leading up here.
Unknown command.
The bat barely misses you. The bat hits you but does no damage.
The gnoll hits you with a +0 spear. The ball python barely misses you.
The ball python closely misses you. The gnoll hits you with a +0 club.
The gnoll hits you with a +0 whip.
You climb upwards.
There is a stone staircase leading down here.
Unknown command.
You hit the gnoll.
The gnoll is lightly wounded.
You hit the gnoll. You hit the ball python.
You kill the ball python!
Lugonu accepts your kill.
You hit the gnoll but do no damage. You hit the bat.
You kill the bat!
Lugonu accepts your kill. The gnoll hits you but does no damage.
The gnoll hits you with a +0 spear. The gnoll hits you with a +0 whip!
The gnoll misses you. The gnoll hits you with a +0 spear.
The gnoll hits you with a +0 whip.
* * * LOW HITPOINT WARNING * * *
Unknown command.
Unknown command.
The gnoll attacks as you move away! The gnoll hits you with a +0 whip.
You die...

#### #.........# #P#
#..#######.........######## ##.
....................#.....# #..
..#..###..........#......)# ##.
..##..##.#.#.#.....##.....# #..
..###.##...........##.....# ###
..# #....#.#.#.....##.....######.
..# ####........g†.##......#.....
..#####..#.#.#.g@...######.÷.....
...>............g†#.###......###.
#####.##.........##.....###..# ##
# #...#.(..................#### #
##......).############......##
####........##♣♣♣♣...♣♣ ##.......
.##...^...###♣♣.......♣♣♣###.....
........###♣..............♣######
.#...####♣.....♣♣#'''#♣♣♣.......#


You could see 3 gnolls.

Vanquished Creatures
  3 dart slugs (D:1)
  2 endoplasms (D:1)
  3 giant cockroaches (D:1)
  2 hobgoblins (D:1)
  A kobold (D:1)
  3 quokkas (D:1)
  2 ball pythons (D:1)
  3 bats (D:1)
  2 frilled lizards
  4 goblins (D:1)
  A rat (D:1)
26 creatures vanquished.

Vanquished Creatures (others)
  A bat (D:1)
1 creature vanquished.

Grand Total: 27 creatures vanquished

Notes
Turn   | Place    | Note
-------+----------+-------------------------------------------
     0 | Abyss:1  | Antichthon the Formicid Abyssal Knight began the quest for
                  | the Orb.
     0 | Abyss:1  | Reached XP level 1. HP: 18/18 MP: 2/2
    43 | D:1      | Escaped the Abyss
   316 | D:1      | Reached skill level 1 in Crossbows
   339 | D:1      | Reached XP level 2. HP: 14/24 MP: 3/3
   902 | D:1      | Reached XP level 3. HP: 27/29 MP: 4/4
   953 | D:1      | Reached *** piety under Lugonu
  1690 | D:1      | Slain by a gnoll

Illustrated notes

Levels and vault maps discovered:
D:1:      sevenhm_arrival_forest_fort_large_3, layout_rooms, serial_glass,
          glass_columns_a, glass_columns_b, hangedman_decor_growths,
          minmay_shallow_snake_nest
D:2:      layout_rooms, serial_shops, nicolae_shop_stone

Skill      XL: |  1  2 |
---------------+-------+-----
Crossbows      | 1 2 |  2.9
Fighting       | |  3.2
Axes           | |  2.0
Armour         | |  2.1
Dodging        | |  0.8
Invocations    | |  2.1

Action                   || total
-------------------------++-------
Melee: Hand axe          ||    65
Armor: Leather armour    ||    44
Dodge: Dodged            ||   100

Table legend: (Time is in decaauts)
 A = Elapsed time spent in this place.
 B = Non-inter-level travel time spent in this place.
 C = Inter-level travel time spent in this place.
 D = Time resting spent in this place.
 E = Time spent auto-exploring this place.
 F = Levels seen in this place.
 G = Mean time per level.
                   A        B        C        D        E       F      G
               +--------+--------+--------+--------+--------+-----+--------+
         Total |   1704 |   1683 |     21 |    298 |   1162 |   3 |  568.0 |
       Dungeon |   1661 |   1640 |     21 |    298 |   1123 |   2 |  830.5 |
         Abyss |     43 |     43 |      0 |      0 |     39 |   1 |   43.0 |
               +--------+--------+--------+--------+--------+-----+--------+

Top non-repeatable levels by time:
     D:1: 1629 daAuts
 Abyss:1: 43 daAuts
     D:2: 32 daAuts
